 Dungeon Crawl Stone Soup version 0.28-a0-577-gb193047a1f (webtiles) character file.

Game seed: 2174183769267404075

1731 demibob the Spear-Bearer (level 9, 61/61 HPs)
             Began as a Merfolk Gladiator on Oct 2, 2021.
             Was a Follower of Nemelex Xobeh.
             Quit the game on level 1 of the Dungeon.
             The game lasted 00:14:23 (6290 turns).

demibob the Spear-Bearer (Merfolk Gladiator)        Turns: 6290, Time: 00:14:23

Health: 61/61      AC:  5    Str: 16    XL:     9   Next: 5%
Magic:  9/9        EV: 18    Int:  8    God:    Nemelex Xobeh [*.....]
Gold:   219        SH:  0    Dex: 18    Spells: 8/8 levels left

rFire   . . .      SeeInvis .   a - +1 trident
rCold   . . .      Faith    .   (no shield)
rNeg    . . .      Spirit   .   b - +0 leather armour
rPois   .          Reflect  .   c - +0 helmet
rElec   .          Harm     .   (no cloak)
rCorr   .          Rampage  .   g - +0 pair of gloves
Will    .....      Clarity  +   (no boots)
Stlth   +.........              (no amulet)
HPRegen 0.20/turn               (no ring)
MPRegen 0.11/turn               (no ring)

@: no status effects
A: (nimble swimmer 2), mertail, clarity, mutation resistance 1, strong 1,
MP-powered wands
a: Renounce Religion, Draw Escape, Draw Destruction, Draw Summoning


You were on level 1 of the Dungeon.
You worshipped Nemelex Xobeh.
Nemelex Xobeh was aware of your devotion.
You visited 2 branches of the dungeon, and saw 7 of its levels.

You collected 219 gold pieces.


Innate Abilities, Weirdness & Mutations

((You are quick and stealthy near water. (Stealth+, EV+, Speed+++)))
Your lower body shifts to a powerful aquatic tail in water.
You possess an exceptional clarity of mind.
You are somewhat resistant to further mutation.
Your muscles are strong. (Str +2)
You expend magic power (3 MP) to strengthen your wands.


   Skills:
 - Level 2.1 Fighting
 + Level 11.4 Polearms
 - Level 2.0 Throwing
 + Level 10.4 Dodging
 + Level 3.9 Evocations


You had 8 spell levels left.
You didn't know any spells.
Your spell library contained the following spells:

 Spells                   Type           Power      Damage    Failure   Level
 Stone Arrow              Conj/Erth      0%         3d7       85%         3
 Animate Armour           Summ/Erth      0%         N/A       99%         4
 Summon Forest            Summ/Tloc      0%         N/A       100%        5
 Eringya's Noxious Bog    Tmut/Pois      0%         N/A       100%        6
 Summon Hydra             Summ           0%         N/A       100%        7
 Lehudib's Crystal Spear  Conj/Erth      0%         10d2      100%        8

Inventory:

Hand Weapons
 a - a +1 trident (weapon)
 f - a +0 dagger of electrocution
Missiles
 d - 3 throwing nets (quivered) {=f}
Armour
 b - a +0 leather armour (worn)
 c - a +0 helmet (worn)
 g - a +0 pair of gloves (worn)
 k - a scarf of repulsion
Magical Staves
 h - a staff of air {!a}
Wands
 e - a wand of flame (7)
 i - a wand of iceblast (1)
 j - a wand of digging (1)
Scrolls
 o - a scroll of identify {@r1}
 q - a scroll of fog
Potions
 n - a potion of brilliance
 p - a potion of heal wounds {unknown}
 r - a potion of haste {@q3}

Dungeon Overview and Level Annotations

Branches:
Dungeon (6/15)             Temple (1/1) D:6

Altars:
Cheibriados
Dithmenos
Elyvilon
Gozag
Hepliaklqana
Kikubaaqudgha
Makhleb
Nemelex Xobeh
Qazlal
Ru
Trog
Uskayaw
Xom
Yredelemnul
Zin
The Shining One

Shops:
D:5

[ ########.###...##.#####....# #.
...........>...##.# ##.#.## ##.
#.##########..###.# #.##.###..
#.# #..###.######.###...#. #.#
#..............###.##.
#.##########..................##.
#.##.........P♣♣♣.♣..#....######.
#..#.######...P♣♣P♣P.#........##.
##.#.# #...♣P@P...##...###.##.
...#.# #...P.PPP..###.## #.##.
#..#.# #...PP.♣♣P.# #.# #.##.
#....# #....P.....# #.####.##.
###..# ###.......## #.#.......
#....# ######### #.........
#..#.# ###.##.... ...#.##
#.###... .#.#..# #.###...


There were no monsters in sight!


Message History

Done exploring.
Search for what [Enter for "altar", or ? for help]? altar
There is a staircase back to the Dungeon here.
You climb upwards.
Welcome back to the Dungeon!
There is a staircase to the Ecumenical Temple here.
There is a stone staircase leading up here.
You climb upwards.
There is a stone staircase leading down here.
There is a stone staircase leading up here.
You climb upwards.
There is a stone staircase leading down here.
You see here a +0 ring mail.
There is a stone staircase leading up, spattered with blood here.
You climb upwards.
There is a stone staircase leading down here.
There is a stone staircase leading up here.
You climb upwards.
There is a stone staircase leading down here.
There is a stone staircase leading up here.
You climb upwards.
There is a stone staircase leading down here.
There is a faded altar of an unknown god here.
You cannot tell which god this altar belongs to.
Convert to them anyway?
Okay, then.
You cannot tell which god this altar belongs to.
Convert to them anyway?
Nemelex Xobeh accepts your prayer! Nemelex Xobeh welcomes you!
You can now draw from decks of power.
Nemelex will now gift you decks of power as you gain piety.
Are you sure you want to abandon this character and quit the game? (Confirm with "yes".)

Skill      XL: |  1  2  3  4  5  6  7  8 |
---------------+-------------------------+-----
Polearms       | 5 6 7 8 9 11 | 11.4
Dodging        | 5 6 7 9 10 | 10.4
Evocations     | 3 |  3.9
Fighting       | |  2.1
Throwing       | |  2.0

Action                   |  1- 3 |  4- 6 |  7- 9 || total
-------------------------+-------+-------+-------++-------
Melee: Trident           |   109 |   117 |   274 ||   500
Evoke: Wand              |       |     5 |     7 ||    12
  Use: Scroll            |     4 |       |     7 ||    11
       Potion            |     1 |     1 |     6 ||     8
 Stab: Sleeping          |     3 |     1 |       ||     4
Armor: Leather armour    |    26 |    17 |    40 ||    83
Dodge: Dodged            |    71 |    61 |   196 ||   328

Levels and vault maps discovered:
D:1:      eino_arrival_druids_welcome, layout_loops_ring,
          dreamdust_ecumenical_altar_grove, minmay_parallelograms,
          nrook_campfire
D:2:      layout_basic, basic_altar
D:3:      minmay_inner_zag, layout_basic, eino_curves_02,
          kennysheep_generic_room_6, uniq_ijyb
D:4:      minmay_chambers_of_threes, layout_basic, mainiacjoe_overflow_alcove_1,
          minmay_misc_feat_square
D:5:      layout_rooms, cheibrodos_sewer_entry_bend,
          hellmonk_ghost_happy_afterlife, nicolae_inconvenience_store,
          uniq_menkaure
D:6:      layout_basic, minmay_temple_entry_stoned_glass, serial_shops,
          shop_fountains, shop, shop, shop, nicolae_diamond_shop
Temple:   eino_wide_crystal_templ

Notes
Turn   | Place    | Note
-------+----------+-------------------------------------------
     0 | D:1      | demibob the Merfolk Gladiator began the quest for the Orb.
     0 | D:1      | Reached XP level 1. HP: 16/16 MP: 1/1
   510 | D:1      | Reached XP level 2. HP: 22/22 MP: 2/2
   527 | D:1      | Found a faded altar of an unknown god.
   843 | D:2      | Found a shimmering altar of Xom.
   853 | D:2      | Reached skill level 5 in Polearms
  1184 | D:2      | Reached XP level 3. HP: 27/27 MP: 3/3
  1543 | D:2      | Reached skill level 5 in Dodging
  1694 | D:3      | Noticed Ijyb
  1714 | D:3      | Killed Ijyb
  1715 | D:3      | Reached skill level 6 in Polearms
  1715 | D:3      | Reached XP level 4. HP: 28/33 MP: 4/4
  1978 | D:3      | Reached XP level 5. HP: 38/38 MP: 5/5
  2034 | D:3      | Reached skill level 6 in Dodging
  2556 | D:4      | Reached skill level 7 in Polearms
  2564 | D:4      | HP: 3/38 [bullfrog skeleton (3)]
  2566 | D:4      | Reached XP level 6. HP: 3/44 MP: 6/6
  2873 | D:4      | Noticed a black bear
  2874 | D:4      | >>okay
  2878 | D:4      | Killed a black bear
  2879 | D:4      | Reached skill level 7 in Dodging
  2923 | D:4      | Reached skill level 8 in Polearms
  2984 | D:4      | Reached XP level 7. HP: 10/50 MP: 7/7
  3273 | D:4      | Reached skill level 8 in Dodging
  3691 | D:4      | Reached skill level 9 in Polearms
  4551 | D:4      | Found a stormy altar of Qazlal.
  4608 | D:5      | Entered Level 5 of the Dungeon
  4615 | D:5      | Reached skill level 9 in Dodging
  4639 | D:5      | Found a runed translucent door.
  4639 | D:5      | Noticed MisterAzrael's ghost (amateur TeAE)
  4646 | D:5      | Reached XP level 8. HP: 55/56 MP: 8/8
  4678 | D:5      | Found Icvo's Antique Armour Shoppe.
  4694 | D:5      | Reached skill level 1 in Evocations
  4728 | D:5      | Reached skill level 10 in Polearms
  4887 | D:5      | Noticed Menkaure
  4910 | D:5      | Killed Menkaure
  4911 | D:5      | Reached skill level 2 in Evocations
  5172 | D:5      | Reached skill level 10 in Dodging
  5172 | D:5      | Reached skill level 3 in Evocations
  5282 | D:5      | HP: 3/56 [phantom (7)]
  5284 | D:5      | Reached skill level 11 in Polearms
  6007 | D:5      | Gained mutation: You expend magic power (3 MP) to
                  | strengthen your wands. [potion of mutation]
  6007 | D:5      | Gained mutation: You possess an exceptional clarity of
                  | mind. [potion of mutation]
  6007 | D:5      | Gained mutation: Your muscles are strong. (Str +2) [potion
                  | of mutation]
  6007 | D:5      | Gained mutation: You are somewhat resistant to further
                  | mutation. [potion of mutation]
  6013 | D:5      | Killed MisterAzrael's ghost
  6014 | D:5      | Reached XP level 9. HP: 61/61 MP: 2/9
  6096 | D:6      | Found a staircase to the Ecumenical Temple.
  6111 | Temple   | Entered the Ecumenical Temple
  6289 | D:1      | Became a worshipper of Nemelex Xobeh the Trickster
  6289 | D:1      | Reached * piety under Nemelex Xobeh
  6290 | D:1      | Quit the game

Vanquished Creatures
  Menkaure (D:5)
  The ghost of MisterAzrael the Gusty, an amateur TeAE of Fedhas (D:5)
  A water moccasin (D:5)
  A sky beast (D:5)
  3 black bears
  2 ogres
  A phantom (D:5)
  3 scorpions
  A howler monkey (D:3)
  3 hounds (D:5)
  3 iguanas (D:5)
  An orc priest (D:5)
  2 bullfrog skeletons (D:4)
  Ijyb (D:3)
  2 orc wizards
  A hound skeleton (D:4)
  3 gnolls (D:4)
  11 adders
  An ufetubus (D:4)
  An adder skeleton (D:4)
  2 worms
  3 dart slugs
  14 orcs
  7 ball pythons
  5 endoplasms
  7 giant cockroaches
  3 hobgoblins
  10 jackals
  3 quokkas (D:2)
  5 bats
  3 frilled lizards
  7 goblins
  6 kobolds
  4 rats
122 creatures vanquished.

Table legend: (Time is in decaauts)
 A = Elapsed time spent in this place.
 B = Non-inter-level travel time spent in this place.
 C = Inter-level travel time spent in this place.
 D = Time resting spent in this place.
 E = Time spent auto-exploring this place.
 F = Levels seen in this place.
 G = Mean time per level.
                   A        B        C        D        E       F      G
               +--------+--------+--------+--------+--------+-----+--------+
         Total |   6211 |   5917 |    294 |   1804 |   3008 |   7 |  887.3 |
       Dungeon |   6159 |   5874 |    285 |   1804 |   2978 |   6 | 1026.5 |
        Temple |     51 |     42 |      9 |      0 |     30 |   1 |   51.0 |
               +--------+--------+--------+--------+--------+-----+--------+

Top non-repeatable levels by time:
     D:4: 1863 daAuts
     D:5: 1442 daAuts
     D:3: 1059 daAuts
     D:2: 934 daAuts
     D:1: 835 daAuts
  Temple: 51 daAuts
     D:6: 24 daAuts

Table legend:
 A = Non-vault XP
 B = Vault XP
 C = Vault XP percentage of total XP
 D = Non-vault monster count
 E = Vault monster count
 F = Vault count percentage of total count
                 A         B        C        D         E       F
            +---------+---------+-------+---------+---------+-------
      Total |    2034 |     440 |  17.8 |      97 |      25 |  20.5
            +---------+---------+-------+---------+---------+-------
        D:1 |      17 |       0 |   0.0 |      12 |       0 |   0.0
        D:2 |      54 |       0 |   0.0 |      17 |       0 |   0.0
        D:3 |     168 |      50 |  22.9 |      21 |      10 |  32.3
        D:4 |     755 |      80 |   9.6 |      29 |      12 |  29.3
        D:5 |    1040 |     310 |  23.0 |      18 |       3 |  14.3
            +---------+---------+-------+---------+---------+-------
